Cogmind - Beta 10.2 --- EXPLORER MODE // 2020.11.12 @ 23:21:24 // Halloween2020/ForbiddenLore Player: Chydax Result: Destroyed by S-27 Virus with Autogun Performance ------------- Evolutions (3) 1500 Regions Visited (9) 1800 Robots Destroyed (62) 310 Value Destroyed (2559) 2559 Prototype IDs (3) 60 Alien Tech Used (0) 0 Bonus (317) 317 TOTAL SCORE: 6546 Bonus ------- High Alert Combat Kills 117 Entered Garrisons 200 Cogmind --------- Core Integrity 0/700 Matter 288/300 Energy 100/100 System Corruption 17% Temperature Cool (0) Movement Core (50) Location -7/Lower Caves Parts ------- > --- POWER (2) -------- (None) > --- PROPULSION (4) --- (None) > --- UTILITY (5) ------ Improved Melee Analysis Suite > --- WEAPON (3) ------- (None) > --- INVENTORY (4) ---- Core Analyzer Hardlight Generator Peak State ------------ > --- POWER ------------ (None) > --- PROPULSION ------- Carbon-fiber Leg Titanium Leg Improved Carbon-fiber Leg > --- UTILITY ---------- Medium Matter Pod Long-range Terrain Scanner Improved Melee Analysis Suite Microactuators Hacking Suite > --- WEAPON ----------- Improved Medium Laser Shock Bomb Launcher Plasma Cutter > --- INVENTORY -------- Improved Medium Laser Shock Bomb Launcher [Rating: 34] Favorites ----------- Power Light Nuclear Core Engine Light Ion Engine Power Core Light Nuclear Core Propulsion Carbon-fiber Leg Leg Carbon-fiber Leg Utility Large Storage Unit Device Microactuators Storage Large Storage Unit Processor Targeting Computer Hackware System Shield Protection Improved Light Armor Plating Weapon Shock Bomb Launcher Energy Gun Particle Gun Ballistic Gun Heavy Assault Rifle Launcher Shock Bomb Launcher Special Weapon Plasma Cutter Slashing Weapon Katana Build | -11 -10 -9 -8 -8 -7 -7 -7 -7 -7 ------- Run | Scr Mat Mat Mat Gar Fac Was Fac Low Low Slots Evolved 7 | . 1 2 2 . 2 . . . . Power 1 | . . . . . 1 . . . . Propulsion 2 | . . . 1 . 1 . . . . Utility 3 | . 1 1 1 . . . . . . Weapon 1 | . . 1 . . . . . . . Parts Attached 121 | 8 7 14 20 34 7 6 23 2 . Power 18 | 2 1 1 3 5 2 3 1 . . Engine 8 | 2 1 . 1 1 1 2 . . . Core 10 | . . 1 2 4 1 1 1 . . Reactor . | . . . . . . . . . . Propulsion 32 | 2 1 4 5 10 3 1 6 . . Treads . | . . . . . . . . . . Leg 32 | 2 1 4 5 10 3 1 6 . . Wheel . | . . . . . . . . . . Hover . | . . . . . . . . . . Flight . | . . . . . . . . . . Utility 26 | 2 4 2 5 5 . 2 6 . . Device 14 | 1 3 1 4 2 . 1 2 . . Storage 4 | 1 . 1 . . . 1 1 . . Processor 3 | . 1 . . 1 . . 1 . . Hackware 4 | . . . 1 2 . . 1 . . Protection 1 | . . . . . . . 1 . . Artifact . | . . . . . . . . . . Weapon 45 | 2 1 7 7 14 2 . 10 2 . Energy Gun 23 | 1 1 5 4 9 . . 2 1 . Energy Cannon . | . . . . . . . . . . Ballistic Gun 10 | 1 . 1 1 4 1 . 1 1 . Ballistic Cannon . | . . . . . . . . . . Launcher 5 | . . . . . . . 5 . . Special Weapon 2 | . . . . . . . 2 . . Impact Weapon . | . . . . . . . . . . Slashing Weapon 5 | . . 1 2 1 1 . . . . Piercing Weapon . | . . . . . . . . . . Special Melee Weapon . | . . . . . . . . . . Unidentified Prototypes 3 | . . 2 1 . . . . . . Parts Lost 38 | . . . 2 9 2 10 7 . 8 Power 4 | . . . . 1 1 2 . . . Propulsion 10 | . . . 1 1 . 4 2 . 2 Utility 10 | . . . . 2 . 3 1 . 4 Weapon 14 | . . . 1 5 1 1 4 . 2 Highest Loss Streak 10 | . . . 1 7 2 10 5 . 6 Average Slot Usage (%) 79 | . 99 99 99 97 96 73 53 69 38 Engine 1 | . 12 . 3 1 1 8 . . . Core 3 | . . 9 4 6 9 1 . . . Leg 19 | . 25 20 24 24 28 19 15 14 5 Device 13 | . 11 20 15 15 14 11 8 14 7 Storage 7 | . 12 10 8 8 7 4 4 7 2 Processor 6 | . 12 10 8 6 . . 3 7 7 Hackware 4 | . . . 8 8 14 11 3 . . Protection 1 | . . . . . . . 1 7 4 Energy Gun 8 | . 12 18 12 7 9 4 2 3 2 Ballistic Gun 8 | . 12 10 8 16 7 4 1 9 5 Launcher 2 | . . . . . . . 7 7 3 Slashing Weapon 1 | . . 1 3 . 4 5 . . . Naked Turns 54 | . . . . . . 32 22 . . Heaviest Build 46 | 14 15 32 32 34 41 46 18 22 22 Greatest Support 50 | 20 20 26 39 45 43 43 50 30 30 Greatest Overweight (x) 3 | 1 . 1 1 1 . 1 3 . . Average Overweight (x) . | . . . . . . . . . . Largest Inventory Capacity 10 | 8 8 10 10 10 10 10 4 4 4 Average Capacity 7 | 6 8 9 10 10 10 8 4 4 4 Most Carried 10 | 6 8 10 9 10 4 4 4 3 2 Average Carried 4 | 4 5 8 6 6 1 1 . 1 2 Final Capacity 10 | 8 8 10 10 10 10 4 4 4 4 Final Carried 7 | 5 7 7 7 5 1 1 . 2 2 Class Distribution -------------------- 38% | Hacker-Mutant 26% | Hacker-Gunner 15% | Scavenger-Skirmisher 8% | Hacker-Tank 4% | Scavenger-Mutant 4% | Hacker-Skirmisher Dominant Class ---------------- Hacker-Mutant | -10/Materials Hacker-Gunner | -9/Materials Hacker-Gunner | -8/Materials Scavenger-Skirmisher | -8/Garrison Scavenger-Mutant | -7/Factory Hacker-Mutant | -7/Waste Hacker-Mutant | -7/Factory Hacker-Mutant | -7/Lower Caves Hacker-Mutant | -7/Lower Caves Resources | -11 -10 -9 -8 -8 -7 -7 -7 -7 -7 ----------- Run | Scr Mat Mat Mat Gar Fac Was Fac Low Low Matter Collected 2050 | 215 150 197 324 530 66 30 110 428 . Remotely . | . . . . . . . . . . Salvage Created 2947 | . 268 523 886 925 64 . 134 147 . Parts 132 | . 13 25 39 47 2 . 5 1 . Haulers Intercepted . | . . . . . . . . . . Recyclers Shooed 1 | . 1 . . . . . . . . Parts Field Recycled . | . . . . . . . . . . Retrieved Matter . | . . . . . . . . . . Parts Self-Destructed . | . . . . . . . . . . Prevented . | . . . . . . . . . . Kills | -11 -10 -9 -8 -8 -7 -7 -7 -7 -7 ------- Run | Scr Mat Mat Mat Gar Fac Was Fac Low Low Combat Hostiles Destroyed 54 | . 3 11 16 21 1 . 2 . . Guns 52 | . 3 11 16 21 1 . . . . AOE 1 | . . . . . . . 1 . . Classes Destroyed 9 | . 3 4 1 1 . . . . . Worker 1 | . . 1 . . . . . . . Recycler 2 | . 1 1 . . . . . . . Watcher 5 | . 2 1 2 . . . . . . Swarmer 6 | . . 3 . 3 . . . . . Grunt 30 | . 3 3 12 12 . . . . . Brawler 3 | . . . 2 1 . . . . . Duelist 1 | . . 1 . . . . . . . Sentry 10 | . . 4 2 2 1 . 1 . . Hunter 4 | . . . . 3 . . 1 . . Decomposer 2 | . . . . . . . . 2 . Packrat 1 | . . . . . . . . 1 . Best Kill Streak 5 | . 3 4 5 4 1 . 1 . . Combat Bots Only 4 | . 2 3 4 4 1 . 1 . . Max Kills in Single Turn 2 | . 1 2 2 2 1 . 1 1 . Gunslinging 1 | . . . 1 1 . . . . . Exploded 1 | . . . . . . . 1 . . Melee . | . . . . . . . . . . Uniques/NPCs Destroyed . | . . . . . . . . . . Combat | -11 -10 -9 -8 -8 -7 -7 -7 -7 -7 -------- Run | Scr Mat Mat Mat Gar Fac Was Fac Low Low Damage Taken 4635 | . 108 222 557 1457 214 534 853 . 690 Core 1070 | . . 19 40 305 23 225 168 . 290 Absorbed by Shields . | . . . . . . . . . . Core Remaining (%) 83 | 100 100 95 . 37 . . . . . Volleys Fired 184 | . 15 27 53 65 9 1 10 3 1 Largest 3 | . 2 3 3 3 3 1 2 3 3 Hottest 193 | . 60 135 149 193 150 28 112 124 124 Shots Fired 407 | . 25 75 125 130 21 1 17 10 3 Gun 399 | . 25 75 125 130 21 1 12 8 2 Cannon . | . . . . . . . . . . Launcher 8 | . . . . . . . 5 2 1 Special . | . . . . . . . . . . Kinetic 177 | . 15 27 53 65 9 1 1 5 1 Thermal 191 | . 10 32 61 65 12 . 11 . . Explosive . | . . . . . . . . . . Electromagnetic 39 | . . 16 11 . . . 5 5 2 Robot Hit Streak 44 | . 12 24 44 31 14 8 10 5 1 Robot Miss Streak 3 | . 1 1 2 2 3 . 1 1 2 Penetration Max 1 | . . . . 1 . . . . . Secondary Targets 13 | . . 2 3 8 . . . . . Max Gunslinging Chain 1 | . . 1 1 1 . . . . . Shots Hit Robots 347 | . 23 58 110 114 19 4 14 4 1 Core Hits 138 | . 13 25 39 45 6 . 4 4 2 Critical Hits 3 | . . . 2 1 . . . . . Critical Kills 1 | . . . . 1 . . . . . Critical Parts Destroyed 2 | . . . 2 . . . . . . Melee Attacks 53 | . . 17 23 . . 13 . . . Impact . | . . . . . . . . . . Slashing 53 | . . 17 23 . . 13 . . . Piercing . | . . . . . . . . . . Sneak Attacks . | . . . . . . . . . . Combat Hostiles . | . . . . . . . . . . Follow-up Attacks . | . . . . . . . . . . Damage Inflicted 5436 | . 199 795 1830 1835 280 81 285 93 38 Guns 5024 | . 199 720 1830 1736 280 41 172 46 . Cannons . | . . . . . . . . . . Explosions 273 | . . 75 . . . . 113 47 38 Melee 40 | . . . . . . 40 . . . Ramming 99 | . . . . 99 . . . . . Kinetic 1811 | . 103 140 678 726 105 41 18 . . Thermal 2843 | . 96 430 931 1010 175 . 154 47 . Explosive . | . . . . . . . . . . Electromagnetic 643 | . . 225 221 . . . 113 46 38 Impact . | . . . . . . . . . . Slashing 40 | . . . . . . 40 . . . Piercing . | . . . . . . . . . . Highest Corruption 17 | . . . . 11 . 14 17 17 17 Average Corruption 14 | . . . . 9 . 8 14 17 17 Corruption Purged . | . . . . . . . . . . Effects 130 | . . . . 13 . 6 44 47 20 Message Errors 29 | . . . . 2 . 2 11 10 4 Matter Fused 25 | . . . . 1 . . 11 7 6 Heat Flow Errors 15 | . . . . 3 . . 4 6 2 Energy Discharges 10 | . . . . 1 . . 3 5 1 Parts Rejected 2 | . . . . . . . 1 . 1 Data Loss (minor) 12 | . . . . 2 . . 5 4 1 Data Loss (major) 4 | . . . . . . . 1 2 1 Misfires 3 | . . . . . . . . 3 . Alerts 3 | . . . . . . . 1 2 . Misdirections 17 | . . . . . . 2 5 7 3 Targeting Errors 9 | . . . . 3 . 2 2 1 1 Weapon Failures 1 | . . . . 1 . . . . . Overload Shots . | . . . . . . . . . . Overflow Damage . | . . . . . . . . . . Projectiles . | . . . . . . . . . . Explosions . | . . . . . . . . . . Melee . | . . . . . . . . . . Knockbacks . | . . . . . . . . . . Impact . | . . . . . . . . . . Kinetic . | . . . . . . . . . . Secondary . | . . . . . . . . . . Self-Inflicted Damage 171 | . . 24 . 97 . . 49 . 1 Shots 6 | . . 1 . . . . 4 . 1 Rammed 2 | . . . 1 1 . . . . . Targets Rammed 2 | . . . 1 1 . . . . . Kicked . | . . . . . . . . . . Crushed . | . . . . . . . . . . Highest Temperature 320 | . 61 164 162 249 206 . 255 264 320 Average Temperature 75 | . 29 47 50 97 101 . 83 95 143 Received Heat Transfer 1539 | . 81 105 495 630 114 . 114 . . Effects 5 | . . . . 3 . . . . 2 Interference 5 | . . . . 3 . . . . 2 Siege Activations . | . . . . . . . . . . Robots Corrupted . | . . . . . . . . . . Combat Hostiles . | . . . . . . . . . . Parts Fried 4 | . . 3 . . . . 1 . . Impact Corruptions . | . . . . . . . . . . Robots Melted 1 | . . . . . . . 1 . . Combat Hostiles 1 | . . . . . . . 1 . . Parts Melted 9 | . . 2 4 . 1 . 2 . . Heat Transferred 6266 | . 225 979 1924 2348 407 . 333 50 . Parts Sabotaged . | . . . . . . . . . . Parts Stolen . | . . . . . . . . . . Parts Stripped . | . . . . . . . . . . Power Chain Reactions 4 | . . 2 . . . . 1 1 . Missiles Intercepted . | . . . . . . . . . . Alert | -11 -10 -9 -8 -8 -7 -7 -7 -7 -7 ------- Run | Scr Mat Mat Mat Gar Fac Was Fac Low Low Peak Influence 705 | . 142 355 453 705 299 72 115 . . Initial 274 | . . 42 58 75 274 71 . . . Average 181 | . 67 193 163 434 290 50 17 . . Maximum Alert Level 3 | . . 1 2 3 1 . . . . Low Security (%) 64 | 100 100 65 64 17 . 100 100 . . Level 1 20 | . . 34 29 16 100 . . . . Level 2 12 | . . . 5 54 . . . . . Level 3 2 | . . . . 11 . . . . . Level 4 . | . . . . . . . . . . Level 5 . | . . . . . . . . . . High Security . | . . . . . . . . . . Max Security . | . . . . . . . . . . Squads Dispatched 9 | . 1 1 4 . . . 3 . . Investigation 8 | . 1 1 4 . . . 2 . . Extermination 1 | . . . . . . . 1 . . Reinforcement . | . . . . . . . . . . Assault . | . . . . . . . . . . Garrison . | . . . . . . . . . . Intercept . | . . . . . . . . . . Construction Impeded . | . . . . . . . . . . Haulers Reinforced . | . . . . . . . . . . Stealth | -11 -10 -9 -8 -8 -7 -7 -7 -7 -7 --------- Run | Scr Mat Mat Mat Gar Fac Was Fac Low Low Distress Signals 3 | . . 1 2 . . . . . . Communications Jammed . | . . . . . . . . . . Distress Signals . | . . . . . . . . . . Times Spotted 89 | . 8 15 24 23 2 7 7 . 3 Peak Tracking Total 6 | . 3 4 5 6 1 4 2 . 3 Tactical Retreats 13 | . . 2 4 2 . 1 4 . . Traps | -11 -10 -9 -8 -8 -7 -7 -7 -7 -7 ------- Run | Scr Mat Mat Mat Gar Fac Was Fac Low Low Traps Triggered 6 | . 1 . 1 . 1 . 3 . . Indirectly . | . . . . . . . . . . Trap Hack Attempts . | . . . . . . . . . . Triggered . | . . . . . . . . . . Disarmed . | . . . . . . . . . . Reprogrammed 1 | . 1 . . . . . . . . Reused . | . . . . . . . . . . Traps Extracted . | . . . . . . . . . . Installed . | . . . . . . . . . . Triggered . | . . . . . . . . . . Machines | -11 -10 -9 -8 -8 -7 -7 -7 -7 -7 ---------- Run | Scr Mat Mat Mat Gar Fac Was Fac Low Low Machines Disabled 2 | . . 1 1 . . . . . . Max in Single Turn 1 | . . 1 1 . . . . . . Machines Sabotaged 3 | . . 1 2 . . . . . . Garrisons Compromised . | . . . . . . . . . . Overloaded Fab Kills . | . . . . . . . . . . Fab Network Shutdowns . | . . . . . . . . . . Hacking | -11 -10 -9 -8 -8 -7 -7 -7 -7 -7 --------- Run | Scr Mat Mat Mat Gar Fac Was Fac Low Low Machines Accessed 16 | . 3 4 6 . . . 3 . . Terminals 11 | . 3 2 4 . . . 2 . . Fabricators . | . . . . . . . . . . Repair Stations 2 | . . 1 1 . . . . . . Recycling Units 1 | . . . . . . . 1 . . Scanalyzers 1 | . . 1 . . . . . . . Garrison Access 1 | . . . 1 . . . . . . Total Hacks 50 | . 6 18 15 . . . 11 . . Successful 37 | . 5 15 13 . . . 4 . . Failed 13 | . 1 3 2 . . . 7 . . Catastrophic . | . . . . . . . . . . Database Lockouts . | . . . . . . . . . . Manual 9 | . . 1 6 . . . 2 . . Terminals 30 | . 6 6 9 . . . 9 . . Fabricators . | . . . . . . . . . . Repair Stations 7 | . . 2 5 . . . . . . Recycling Units 2 | . . . . . . . 2 . . Scanalyzers 10 | . . 10 . . . . . . . Garrison Access 1 | . . . 1 . . . . . . Terminal Hacks 16 | . 5 4 4 . . . 3 . . Record 8 | . 1 3 3 . . . 1 . . Part Schematic 1 | . . . . . . . 1 . . Robot Analysis 1 | . 1 . . . . . . . . Emergency Access Points 1 | . . 1 . . . . . . . Locate Traps 1 | . 1 . . . . . . . . Reprogram Traps 1 | . 1 . . . . . . . . Recall Reinforcements 1 | . . . . . . . 1 . . Hauler Manifests 1 | . 1 . . . . . . . . Zone Layout 1 | . . . 1 . . . . . . Fabricator Hacks . | . . . . . . . . . . Repair Station Hacks 4 | . . . 4 . . . . . . Scan Component 2 | . . . 2 . . . . . . Repair 2 | . . . 2 . . . . . . Recycling Unit Hacks . | . . . . . . . . . . Scanalyzer 10 | . . 10 . . . . . . . Insert Component 5 | . . 5 . . . . . . . Analyze 5 | . . 5 . . . . . . . Garrison Access Hacks 1 | . . . 1 . . . . . . Unlock Access 1 | . . . 1 . . . . . . Unauthorized Hacks 6 | . . 1 4 . . . 1 . . Terminals 5 | . . 1 4 . . . . . . Sabotage 5 | . . 1 4 . . . . . . Fabricators . | . . . . . . . . . . Repair Stations . | . . . . . . . . . . Recycling Units 1 | . . . . . . . 1 . . Tunnel 1 | . . . . . . . 1 . . Scanalyzers . | . . . . . . . . . . Garrison Access . | . . . . . . . . . . Data Cores Recovered . | . . . . . . . . . . Used . | . . . . . . . . . . Hacking Detections 11 | . 2 3 3 . . . 3 . . Full Trace Events 2 | . 1 . . . . . 1 . . Feedback Events . | . . . . . . . . . . Feedback Blocked . | . . . . . . . . . . Robot Schematics Acquired . | . . . . . . . . . . Robots Built . | . . . . . . . . . . Matter . | . . . . . . . . . . Time . | . . . . . . . . . . Total Robot Build Rating . | . . . . . . . . . . Part Schematics Acquired 6 | . . 5 . . . . 1 . . Parts Built . | . . . . . . . . . . Matter . | . . . . . . . . . . Time . | . . . . . . . . . . Total Part Build Rating . | . . . . . . . . . . Parts Repaired 2 | . . . 2 . . . . . . Time 58 | . . . 58 . . . . . . Parts Recycled . | . . . . . . . . . . Recycled Matter . | . . . . . . . . . . Retrieved Matter . | . . . . . . . . . . Retrieved Components . | . . . . . . . . . . Parts Scanalyzed 5 | . . 5 . . . . . . . Part Schematics Acquired 5 | . . 5 . . . . . . . Parts Damaged 2 | . . 2 . . . . . . . Bothacking | -11 -10 -9 -8 -8 -7 -7 -7 -7 -7 ------------ Run | Scr Mat Mat Mat Gar Fac Was Fac Low Low Used RIF Installer . | . . . . . . . . . . Robots Hacked . | . . . . . . . . . . Non-combat . | . . . . . . . . . . Combat . | . . . . . . . . . . Robot Hacks Applied . | . . . . . . . . . . Relay Couplers Released . | . . . . . . . . . . Robots Rewired . | . . . . . . . . . . Allies Hacked . | . . . . . . . . . . Hacks Repelled . | . . . . . . . . . . Allies | -11 -10 -9 -8 -8 -7 -7 -7 -7 -7 -------- Run | Scr Mat Mat Mat Gar Fac Was Fac Low Low Total Allies . | . . . . . . . . . . Largest Group . | . . . . . . . . . . Highest-Rated Group . | . . . . . . . . . . Highest-Rated Ally . | . . . . . . . . . . Total Orders . | . . . . . . . . . . Ally Attacks . | . . . . . . . . . . Total Damage . | . . . . . . . . . . Kills . | . . . . . . . . . . Allies Corrupted . | . . . . . . . . . . Allies Melted . | . . . . . . . . . . Intel | -11 -10 -9 -8 -8 -7 -7 -7 -7 -7 ------- Run | Scr Mat Mat Mat Gar Fac Was Fac Low Low Robot Analysis Total 1 | . 1 . . . . . . . . Derelict Logs Recovered 3 | . . . . . . . . 3 . Drone Launches . | . . . . . . . . . . Drone Recoveries . | . . . . . . . . . . Exploration | -11 -10 -9 -8 -8 -7 -7 -7 -7 -7 ------------- Run | Scr Mat Mat Mat Gar Fac Was Fac Low Low Turns Passed 5331 | 83 217 701 840 836 188 168 999 955 344 Spaces Moved 2705 | 58 135 333 426 443 124 132 416 540 98 Core 125 | 9 . . . . . 68 48 . . Treads . | . . . . . . . . . . Legs 2580 | 49 135 333 426 443 124 64 368 540 98 Wheels . | . . . . . . . . . . Hover . | . . . . . . . . . . Flight . | . . . . . . . . . . Fastest Speed 50 | 50 120 120 120 120 120 50 50 120 120 Average Speed 122 | 110 120 148 120 126 120 92 116 120 120 Slowest Speed 200 | 120 120 150 150 150 120 150 200 120 120 Overloaded Moves . | . . . . . . . . . . Propulsion Burnouts . | . . . . . . . . . . Robots Hopped . | . . . . . . . . . . Cave-ins Triggered 1 | . . . . . . 1 . . . Exploration Rate (%) 34 | 5 28 33 45 73 2 68 8 68 18 Regions Visited 9 Branch Regions 2 Pre-discovered Areas 2 | . . . . . . . 1 1 . Known Exits Taken 6 | 1 1 1 1 . . . 1 1 . Unknown Exits Taken . | . . . . . . . . . . Scrap Searched 3 | . . . . . . . . 3 . Spaces Dug 35 | . . 14 12 . . 9 . . . Terrain Destroyed 55 | . . 24 12 . . 9 5 5 . Melee 35 | . . 14 12 . . 9 . . . Projectile . | . . . . . . . . . . AOE 20 | . . 10 . . . . 5 5 . Terrain Rammed 11 | . . . . 11 . . . . . Walls Destroyed 1 | . . . . 1 . . . . . Machines Disabled . | . . . . . . . . . . Actions | -11 -10 -9 -8 -8 -7 -7 -7 -7 -7 --------- Run | Scr Mat Mat Mat Gar Fac Was Fac Low Low Total 4285 | 75 168 456 607 599 146 155 915 841 323 Wait 1067 | . . 33 58 15 . . 445 292 224 Move 2696 | 57 134 332 426 440 124 131 415 539 98 Hop . | . . . . . . . . . . Pick Up 103 | 10 7 17 16 21 3 4 21 4 . Fast Attach 2 | 2 . . . . . . . . . Attach 61 | 5 2 4 6 12 4 4 23 1 . Detach 2 | . 1 . . . . . 1 . . Swap 58 | 1 5 10 14 22 3 2 . 1 . Drop 46 | . 4 16 10 12 3 . . 1 . Fire 184 | . 15 27 53 65 9 1 10 3 1 Melee 53 | . . 17 23 . . 13 . . . Ram 11 | . . . . 11 . . . . . Kick 2 | . . . 1 1 . . . . . Crush . | . . . . . . . . . . Escape Stasis . | . . . . . . . . . . Rewire . | . . . . . . . . . . Trap . | . . . . . . . . . . Miscellaneous . | . . . . . . . . . . Route ------- -11/Scrapyard -10/Materials -9/Materials -8/Materials (discovered 2 exits: *Fac / Gar) -8/Garrison (discovered 3 exits: *Fac x3) -7/Factory -7/Waste -7/Factory -7/Lower Caves -7/Lower Caves (discovered 1 exit: *Fac) History --------- Turn | Location | Event 17 | -11/Scrapyard | Identified exit to Materials 17 | -11/Scrapyard | Discovered exit to Materials (range 15) 84 | -11/Scrapyard | Entered Materials 84 | -10/Materials | Evolved 1 slot: Utility x1 257 | -10/Materials | Identified exit to Materials 257 | -10/Materials | Discovered exit to Materials (range 7) 301 | -10/Materials | Entered another Materials area 301 | -9/Materials | Evolved 2 slots: Utility x1, Weapon x1 587 | -9/Materials | Build established: Hacker-Gunner 857 | -9/Materials | Identified exit to Materials 857 | -9/Materials | Discovered exit to Materials (range 7) 1002 | -9/Materials | Entered another Materials area 1002 | -8/Materials | Evolved 2 slots: Propulsion x1, Utility x1 1048 | -8/Materials | Repaired Sensor Array 1082 | -8/Materials | Repaired Imp. Aluminum Leg 1746 | -8/Materials | Identified exit to Factory 1746 | -8/Materials | Discovered exit to Factory (range 16) 1842 | -8/Materials | Identified exit to Garrison 1842 | -8/Materials | Entered Garrison 1876 | -8/Garrison | Triggered checkpoint 2104 | -8/Garrison | Lost 7 parts (1n1u5w) 2126 | -8/Garrison | Triggered checkpoint 2217 | -8/Garrison | Discovered exit to Factory (range 12) 2231 | -8/Garrison | Attempted to access garrison exit controls, blocked by remote lockdown 2319 | -8/Garrison | Discovered exit to Factory (range 13) 2334 | -8/Garrison | Attempted to access garrison exit controls, blocked by remote lockdown 2370 | -8/Garrison | Triggered checkpoint 2389 | -8/Garrison | Build established: Scavenger-Skirmisher 2469 | -8/Garrison | Core integrity fell below 50% 2505 | -8/Garrison | System corruption reached 10% 2540 | -8/Garrison | Triggered checkpoint 2664 | -8/Garrison | Discovered exit to Factory (range 9) 2678 | -8/Garrison | Entered Factory 2678 | -7/Factory | Evolved 2 slots: Power x1, Propulsion x1 2866 | -7/Factory | Sucked down chute 2866 | -7/Factory | Entered Waste 2881 | -7/Waste | EMP discharged 2889 | -7/Waste | Spotted C-40 Crusher 2918 | -7/Waste | Spotted C-40 Crusher 2920 | -7/Waste | Spotted C-40 Crusher 2975 | -7/Waste | Crushed by falling debris 2980 | -7/Waste | Spotted C-40 Crusher 2981 | -7/Waste | EMP discharged 2981 | -7/Waste | System corruption reached 10% 2983 | -7/Waste | Crushed by Compactor (1 part destroyed, 1 dropped) 2986 | -7/Waste | Crushed by Compactor (1 part destroyed, 1 dropped) 2989 | -7/Waste | Crushed by Compactor (1 part destroyed, 1 dropped) 2992 | -7/Waste | Crushed by Compactor (1 part destroyed, 1 dropped) 2996 | -7/Waste | Crushed by Compactor (1 part destroyed, 1 dropped) 2999 | -7/Waste | Crushed by Compactor (1 part destroyed, 2 dropped) 3002 | -7/Waste | Crushed by Compactor (1 part destroyed, 1 dropped) 3010 | -7/Waste | Spotted C-40 Crusher 3019 | -7/Waste | Spotted C-40 Crusher 3027 | -7/Waste | Identified exit to Factory 3027 | -7/Waste | Discovered exit to Factory (range 12) 3033 | -7/Waste | Lost 10 parts (2p4n3u1w) 3034 | -7/Waste | Entered Factory 3787 | -7/Factory | Core integrity fell below 50% 3848 | -7/Factory | Lost 5 parts (2n1u2w) 4013 | -7/Factory | Identified exit to Lower Caves 4013 | -7/Factory | Discovered exit to Lower Caves (range 13) 4016 | -7/Factory | Build established: Hacker-Mutant 4033 | -7/Factory | Entered Lower Caves 4205 | -7/Lower Caves | Learned Factory emergency access door positions 4262 | -7/Lower Caves | Identified exit to Lower Caves 4499 | -7/Lower Caves | Encountered a Warlord checkpoint 4509 | -7/Lower Caves | Learned location of Zion (-6) 4553 | -7/Lower Caves | Build established: Hacker-Tank 4988 | -7/Lower Caves | Entered another Lower Caves area 5009 | -7/Lower Caves | Identified exit to Factory 5009 | -7/Lower Caves | Discovered exit to Factory (range 13) 5176 | -7/Lower Caves | Lost 6 parts (2n2u2w) 5237 | -7/Lower Caves | Core integrity fell below 20% 5332 | -7/Lower Caves | Destroyed by S-27 Virus with Autogun Last Messages --------------- 05112_ Carbon-fiber Leg destroyed. 05120_ R/RN6WWEAPD9VCNEJK1N&GCAWMJVMCGJ BJNTZ73A/KXS Map ----- +----------------------------------------------------+ | ?????????????????????????????????????????????????? | | ?????????????????????????????????????????????????? | | ?????????????????????????????????????????????????? | | ?????????????????????????????????????????????????? | | ?????????????????????????????????????????????????? | | ?????????????????????????????????????????????????? | | ?????????????????????????????????????????????????? | | ?????????????????????????????????????????????????? | | ?????????????????????????????????????????????????? | | ???????????????????????????????????????????####### | | ?????????????????????????????####?????????## | | ????????????????????????##???? # ##????#### | | ??????????????????????## #??## ##?? ? | | ??????????????????????# ### # ## #???# | | ??????????????????????# ## ##### | | ?????????????????????? #???# ## | | ??????????????????????? ##??# ###### " | | ???????????????????# # ## ##### "" | | ???????????????????????# ## " | | ??????????????????????## #### ### " | | ?????????????## ??????# #??######### #?# " | | ?????????????# #???## ##?????????# ###?# | | ?????????????# ### ##????????###???# "" | | ????????????## ####???????????# ## | | ????????????# ##??????????# ## | | ??????????# @ #??????????# | | ?????????? #??????????# | | ?????????? ##### =[ #??????????### | | ???????????### ##???????##%= ##????????????# < | | ?????????????????????????#* ##?????????????## | | ???????????????????####??#s[ ##???????###?????# | | ???????????????##### ### % ##?????### #?????# | | ?????????????? ##????? #???### | | ???????????????# % ####### #??## | | ???????????????# " ## #???# | | ??????????????? "" #??## | | ????????????????? """ ## ##### | | ?????????????????? "" ##?# ### | | ??????????????????""" ???## ## | | ?????????????????? "" ???### ## | | ???????????????????"" ??## ## ##### ## | | ??????????????????? ??## ## ##???# #? | | ??????????????????? ??# #????## #? | | ??????????????????? ???# #?????#### # | | ???????????????????????# #????????## | | ???????????????????????# #?????????## | | ???????????????????????#### ###??????????## | | ??????????????????????????####?????????????####### | | ?????????????????????????????????????????????????? | | ?????????????????????????????????????????????????? | +----------------------------------------------------+ Best States ------------- Heat Dissipation 48 Energy Generation 25 Energy Capacity 465 Matter Stores 395 Matter Capacity 400 Sight Range 18 Robot Scan Range 13 Terrain Scan Range 24 Terrain Scan Density 10 ECM Strength 1 Armor Coverage 150 Resistance: KI 35 Resistance: TH 35 Resistance: EX 35 Resistance: EM 35 Resistance: I 35 Resistance: S 35 Resistance: P 35 Melee Speed Boost 20 Evasion (%) 50 Targeting Accuracy 5 Melee Accuracy 6 Offensive Hacking 30 Defensive Hacking 10 Item Schematics ----------------- Imp. Aluminum Leg | -9/Materials | Scanalyzed Lgt. Nuclear Core | -9/Materials | Scanalyzed System Shield | -9/Materials | Scanalyzed ECM Suite | -9/Materials | Scanalyzed Beam Rifle | -9/Materials | Scanalyzed Imp. Deuterium Engine | -7/Factory | Hacked Robot Schematics ------------------ None Fabricated ------------ Nothing Alien Tech Used ----------------- None Achievements -------------- Brute Force It's Just You Part-time Excavator Party Time Shopping List Challenges ------------ None Game ------ Seed LinkedSkeletonRifle Manual? 0 Play Time 01:16:07 Cumulative 24.3 hours Start 2020.11.12 @ 22:00:35 End 2020.11.12 @ 23:21:24 Sessions 1 Manual Loads 0 Difficulty Explorer Special Mode Halloween2020/ForbiddenLore Game No. 29 Rogue 20 Adventurer 0 Explorer 9 Win Type - Total 0 Types 0/0/0/0/0/0/0/0/0 Lore% 20 Gallery% 23 Achievement% 18 Wizard Run 0 Options --------- ASCII 0 Keyboard 0 Movement Mouse Keybinds 0 Fullscreen 1 Font 18/X11Bold Map View 76x50 Tactical HUD 1 Map Filters NONE Filters NONE Steam 1 RUN: ef591819-4717-4179-9ac0-efe86a5c759e